Map: 普列昂台地

Players

Fist

  • Race: Zerg Zerg
  • League: Diamond

Sen - Winner!

  • Race: Zerg Zerg
  • League: Master

Event: 2016 WCS Winter Challenger Taiwan

VOD

Have the link to the VOD?

Description

Time

  • Played on: Jan. 14, 2016, 7:12 a.m.
  • Length: 10:55

All games in this series

Show
View Real Time Build Order
Export as new Build Order

Fist Zerg 

Build Orders: Pool First 

Get SALT Encoding   

  12  0:00  Drone  
  13  0:12  Overlord  
  13  0:17  Drone  
  14  0:31  Drone x2  
  16  0:37  Drone  
  17  0:50  Spawning Pool  
  17  0:51  Drone  
  17  1:06  Extractor  
  16  1:12  Hatchery  
  16  1:16  Drone  
  16  1:19  Drone  
  17  1:32  Overlord  
  17  1:36  Queen  
  19  1:40  Zergling x2  
  19  1:45  Drone  
  21  1:51  Zergling x2  
  22  2:00  Drone  
  23  2:08  Metabolic Boost  
  23  2:14  Queen  
  25  2:21  Overlord  
  25  2:25  Zergling x4  
  27  2:30  Baneling Nest  
  26  2:44  Zergling x8  
  30  2:53  Zergling x6  
  33  2:59  Zergling x4  
  35  3:15  Baneling x5  
  35  3:19  Zergling x6  
  38  3:32  Zergling x8  
  31  3:49  Zergling x2  
  31  3:50  Zergling x6  
  34  3:58  Baneling x2  
  34  4:00  Zergling x2  
  33  4:16  Zergling x10  
  37  4:29  Drone  
  37  4:31  Overlord  
  38  4:34  Roach Warren  
  31  4:55  Zergling x8  
  31  4:56  Zergling x6  
  32  5:19  Roach x4  
  32  5:20  Roach  
  42  5:26  Roach  
  44  5:34  Roach  
  44  5:38  Roach  
  46  5:46  Roach  
  46  5:47  Roach  
  46  5:49  Zergling x2  
  51  6:04  Zergling x10  
  44  6:16  Zergling x2  
  44  6:17  Zergling x6  
  42  6:29  Baneling x2  
  42  6:32  Baneling  
  39  6:40  Zergling x10  
  34  6:56  Zergling x2  
  34  6:57  Zergling x8  
  34  7:04  Drone  
  34  7:05  Drone  
  36  7:13  Drone  
  36  7:14  Drone x2  
  36  7:34  Drone x5  
  37  7:49  Drone x4  
  41  7:58  Lair  
  41  8:02  Roach x3  
  47  8:08  Overlord  
  47  8:15  Drone x3  
  47  8:17  Extractor  
  47  8:19  Extractor  
  48  8:20  Roach  
  50  8:40  Hatchery  
  47  8:53  Roach  
  47  8:54  Roach x5  
  59  9:07  Overlord  
  59  9:08  Glial Reconstitution  
  58  9:17  Overlord x2  
  58  9:20  Roach  
  60  9:28  Roach x3  
  65  9:44  Evolution Chamber  
  64  9:46  Roach  
  64  9:47  Roach x4  
  72  10:03  Ravager  
  72  10:04  Ravager  
  72  10:06  Roach  
  82  10:07  Roach x3  
  82  10:18  Roach x3  
Show
View Real Time Build Order
Export as new Build Order

Sen Zerg - Winner!

Build Orders: Hatch First 

Get SALT Encoding   

  12  0:01  Drone  
  13  0:09  Drone  
  14  0:17  Overlord  
  14  0:25  Drone, Extractor  
  15  0:36  Drone x2  
  17  0:44  Drone  
  18  0:55  Drone  
  19  1:02  Hatchery  
  18  1:11  Drone  
  18  1:12  Extractor  
  18  1:21  Spawning Pool  
  18  1:22  Drone  
  18  1:29  Drone  
  19  1:40  Drone  
  20  1:51  Overlord  
  20  2:01  Drone  
  21  2:11  Queen  
  21  2:13  Zergling x2  
  21  2:14  Queen  
  26  2:15  Zergling x2  
  26  2:18  Metabolic Boost  
  27  2:27  Roach Warren  
  27  2:29  Drone  
  28  2:30  Drone  
  28  2:35  Drone  
  29  2:38  Drone  
  30  2:44  Overlord  
  30  2:56  Zergling x2  
  31  3:03  Zergling x2  
  32  3:08  Roach x3  
  38  3:17  Overlord  
  38  3:21  Roach  
  38  3:22  Roach  
  38  3:23  Roach  
  44  3:27  Overlord  
  44  3:33  Overlord  
  44  3:35  Extractor  
  40  3:41  Roach x2  
  40  3:42  Zergling x2  
  39  3:50  Drone x3  
  41  4:02  Overlord, Drone x4  
  45  4:08  Overlord  
  45  4:09  Drone  
  46  4:15  Drone  
  47  4:17  Drone  
  47  4:18  Drone  
  47  4:25  Drone  
  48  4:34  Baneling Nest  
  48  4:36  Roach  
  48  4:37  Roach x2  
  53  4:42  Roach  
  53  4:44  Roach  
  57  4:50  Queen  
  56  4:57  Roach  
  51  5:05  Drone  
  51  5:06  Drone x2  
  51  5:14  Zergling x4  
  51  5:20  Zergling x2  
  54  5:24  Zergling x2  
  55  5:30  Zergling x4  
  55  5:32  Zergling x2  
  55  5:33  Zergling x2  
  59  5:41  Zergling x4  
  59  5:43  Zergling x6  
  58  5:59  Zergling x8  
  56  6:09  Drone  
  51  6:18  Drone  
  51  6:19  Drone  
  51  6:21  Queen  
  55  6:31  Drone x2  
  46  6:51  Drone x3  
  46  6:53  Drone  
  43  6:54  Roach  
  43  6:55  Roach x2  
  43  6:57  Roach  
  43  7:07  Roach  
  43  7:10  Evolution Chamber, Roach  
  43  7:15  Roach  
  46  7:21  Roach  
  48  7:23  Roach  
  48  7:24  Roach x2  
  54  7:30  Overlord  
  54  7:36  Drone  
  54  7:37  Drone  
  54  7:38  Extractor  
  54  7:41  Drone  
  54  7:47  Drone  
  54  7:48  Drone x2  
  57  7:58  Drone x2, Hatchery  
  58  7:59  Drone  
  58  8:05  Drone x2  
  61  8:08  Zerg Missile Weapons Level 1  
  61  8:14  Lair  
  61  8:25  Drone x2  
  61  8:26  Drone x2  
  65  8:32  Overlord  
  65  8:35  Drone  
  65  8:36  Roach  
  65  8:37  Roach x2  
  72  8:51  Overlord  
  72  8:55  Roach x4  
  78  9:03  Extractor  
  77  9:16  Roach  
  90  9:17  Roach x5  
  90  9:18  Glial Reconstitution  
  90  9:27  Overseer  
  90  9:30  Roach x5  
  100  9:35  Roach  
  100  9:36  Overlord  
  102  9:42  Overlord  
  102  9:47  Roach x2  
  102  9:48  Roach x2  
  109  9:56  Overlord x2  
  109  9:58  Zergling x14  
  109  9:59  Zergling x2  
  117  10:04  Zergling x2  
  118  10:12  Zergling x2  
  118  10:13  Zergling x10  
  124  10:26  Baneling  
  124  10:27  Baneling x4  
  124  10:29  Zergling x6  
Tags
 
Add a new tag
Caveats
  • Supply blocks, unpowered buildings, or Contaminate may cause inaccurate times.
  • Supply counts are checked every 10 seconds.